 Dungeon Crawl Stone Soup version 0.18.1-5-g4a78601 (webtiles) character file.

466 Liquid the Sneak (level 6, -3/28 HPs)
             Began as a Spriggan Enchanter on May 10, 2016.
             Was an Initiate of Gozag.
             Killed by triggering a spear trap (22 damage)
             ... in an ossuary.
             The game lasted 00:18:35 (3124 turns).

Liquid the Sneak (Spriggan Enchanter)               Turns: 3124, Time: 00:18:36

Health: -3/28      AC:  4    Str:  4    XL:     6   Next: 81%
Magic:  6/14       EV: 19    Int: 19    God:    Gozag
Gold:   143        SH:  0    Dex: 16    Spells: 5 memorised, 2 levels left

rFire  . . .     SeeInvis +     o - +2 dagger (drain)
rCold  . . .     Gourm    .     b - +1 robe
rNeg   . . .     Faith    .     (shield restricted)
rPois  .         Spirit   .     (helmet restricted)
rElec  .         Dismiss  .     q - +0 cloak
rCorr  .         Reflect  .     (gloves unavailable)
SustAt .         Harm     .     (boots unavailable)
MR     +....                    (no amulet)
Stlth  ++++......               (no ring)
                                (no ring)

@: very quick, somewhat resistant to hostile enchantments, stealthy
A: unfitting armour, see invisible, herbivore 3, speed 3, slow metabolism 2
a: Potion Petition, Call Merchant, Bribe Branch, Renounce Religion


You were in an ossuary.
You worshipped Gozag.
Gozag was noncommittal.
You were hungry.

You visited 1 branch of the dungeon, and saw 4 of its levels.
You also visited: Ossuary.

You collected 212 gold pieces.
You paid 69 gold pieces to Gozag.

Inventory:

Hand Weapons
 a - a +1 dagger
 o - a +2 dagger of draining (weapon)
Armour
 b - a +1 robe (worn)
 q - a +0 cloak (worn)
Jewellery
 h - an uncursed ring of ice
Scrolls
 f - 2 scrolls of teleportation
 i - 2 scrolls of identify
 j - 3 scrolls of fear
 m - 2 scrolls of silence {unknown}
 n - a scroll of blinking {unknown}
 r - 2 scrolls of recharging {unknown}
 s - 2 scrolls of fog {unknown}
 v - 2 scrolls of remove curse {unknown}
 w - a scroll of random uselessness {unknown}
Potions
 e - 2 potions of degeneration
 g - 3 potions of flight {unknown}
 t - a potion of curing {unknown}
 u - 2 potions of haste {unknown}
Books
 c - a book of Maledictions

   Spells                             Type                      Level
   a - Corona                         Hexes                        1
   b - Ensorcelled Hibernation        Hexes/Ice                    2
   c - Confuse                        Hexes                        3
   d - Tukima's Dance                 Hexes                        3
   e - Dazzling Spray                 Conjuration/Hexes            3
 l - a book of Annihilations

   Spells                             Type                      Level
   a - Poison Arrow                   Conjuration/Poison           6
   b - Chain Lightning                Conjuration/Air              8
   c - Lehudib's Crystal Spear        Conjuration/Earth            8
   d - Glaciate                       Conjuration/Ice              9
   e - Fire Storm                     Conjuration/Fire             9
Comestibles
 d - 4 bread rations
 k - a slice of pizza
 p - 6 fruits


   Skills:
 - Level 1.1 Short Blades
 + Level 4.5 Dodging
 + Level 7.3 Stealth
 + Level 4.7 Spellcasting
 * Level 6.4 Hexes


You had 2 spell levels left.
You knew the following spells:

 Your Spells              Type           Power        Failure   Level  Hunger
a - Corona                Hex            ####...      1%          1    None
b - Ensorcelled Hibernat  Hex/Ice        ###...       8%          2    #......
c - Confuse               Hex            ####....     2%          3    ##.....
d - Tukima's Dance        Hex            ####....     2%          3    ##.....
e - Dazzling Spray        Conj/Hex       ###.....     12%         3    ##.....


Dungeon Overview and Level Annotations

Branches:
Dungeon (4/15)             Temple (0/1) D:4

Altars:
Cheibriados
Dithmenos
Gozag
Trog

Annotations:
Ossuary Geppetto's ghost, amateur HESk


Innate Abilities, Weirdness & Mutations

You are tiny and cannot use many weapons and most armour.
You have supernaturally acute eyesight.
You are a herbivore.
You cover ground extremely quickly.
You need consume almost no food.


Message History

You hit the orc zombie. The orc zombie barely misses you.
You hit the orc zombie.
You destroy the orc zombie!
Geppetto's ghost turns its malevolent gaze towards you.
You hit the kobold zombie. The kobold zombie misses you.
You hit the kobold zombie. You closely miss the kobold zombie.
The kobold zombie completely misses you.
You barely miss the kobold zombie. The kobold zombie barely misses you.
You found an arrow trap!
Really walk into that arrow trap? [Y]es or [N]o only, please.
Really walk into that arrow trap? [Y]es or [N]o only, please.
Really walk into that arrow trap?
Okay, then.
A spear shoots out and hits you!
Ouch! That really hurt!
You die...
Your body crumbles into a pile of gold.

#####################
.....∩$...$......#$$#
...Z...Z........@+$$#
...#####........^####
...................^#
....................#
.............##.....#
.............##.....#
....................#
.................#..#
.....∩..........##..#


There were no monsters in sight!

Vanquished Creatures
  A howler monkey (D:4)
  4 wights (D:3)
  2 orc wizards (D:3)
  2 mummies (Ossuary)
  7 adders
  An ooze (D:2)
  2 giant geckos
  7 orcs (D:3)
  8 bats
  4 giant cockroaches
  9 goblins
  10 hobgoblins
  4 jackals (D:1)
  2 quokkas
  A giant gecko skeleton (D:4)
  6 giant newts
  3 gnoll zombies (Ossuary)
  A goblin zombie (Ossuary)
  A jackal zombie (Ossuary)
  A kobold (D:1)
  A kobold zombie (Ossuary)
  2 orc zombies (Ossuary)
  9 rats
88 creatures vanquished.

Vanquished Creatures (collateral kills)
  Blork the orc (D:4)
1 creature vanquished.

Vanquished Creatures (others)
  A goblin zombie (Ossuary)
1 creature vanquished.

Grand Total: 90 creatures vanquished

Notes
Turn   | Place    | Note
--------------------------------------------------------------
     0 | D:1      | Liquid the Spriggan Enchanter began the quest for the Orb.
     0 | D:1      | Reached XP level 1. HP: 9/9 MP: 5/5
   285 | D:1      | Reached XP level 2. HP: 9/13 MP: 6/6
   343 | D:1      | Learned a level 2 spell: Ensorcelled Hibernation
   676 | D:1      | Reached skill level 5 in Stealth
  1053 | D:1      | Reached XP level 3. HP: 12/16 MP: 2/8
  1211 | D:2      | Learned a level 3 spell: Confuse
  1387 | D:2      | Found a snail-covered altar of Cheibriados.
  1417 | D:2      | Found a bloodstained altar of Trog.
  1550 | D:2      | Reached XP level 4. HP: 21/21 MP: 3/10
  1659 | D:2      | Found a shadowy altar of Dithmenos.
  1776 | D:2      | Learned a level 3 spell: Tukima's Dance
  1837 | D:2      | Reached skill level 6 in Stealth
  2186 | D:3      | Reached skill level 5 in Hexes
  2303 | D:3      | Reached XP level 5. HP: 24/24 MP: 9/12
  2536 | D:3      | Reached XP level 6. HP: 28/28 MP: 13/13
  2543 | D:3      | Reached skill level 7 in Stealth
  2566 | D:3      | Learned a level 3 spell: Dazzling Spray
  2697 | D:4      | Found an opulent altar of Gozag.
  2709 | D:4      | Became a worshipper of Gozag Ym Sagoz the Greedy
  2761 | D:4      | Found a staircase to the Ecumenical Temple.
  2787 | D:4      | Noticed Blork the orc
  2813 | D:4      | Killed Blork the orc
  2829 | D:4      | Found a sand-covered staircase.
  2836 | Ossuary  | Entered an ossuary
  2836 | Ossuary  | Noticed Geppetto's ghost (amateur HESk)
  3124 | Ossuary  | Killed by triggering a spear trap

Skill      XL: |  1  2  3  4  5  6 |
---------------+-------------------+-----
Hexes          | 4 5 6 |  6.4
Spellcasting   | 3 4 |  4.7
Stealth        | 5 6 7 |  7.3
Dodging        | 4 |  4.5
Short Blades   | |  1.1

Action                   |  1- 3 |  4- 6 || total
-------------------------+-------+-------++-------
Melee: Dagger            |    81 |    93 ||   174
 Cast: Ensorcelled Hiber |    25 |    19 ||    44
       Confuse           |       |    13 ||    13
       Tukima's Dance    |       |     1 ||     1
  Use: Scroll            |       |     6 ||     6
 Stab: Sleeping          |    23 |    34 ||    57
       Confused          |       |     6 ||     6
  Eat: Royal jelly       |       |     1 ||     1
Armor: Robe              |    11 |     5 ||    16
Dodge: Dodged            |    62 |    34 ||    96
